Map: Automaton LE

Players

Prxmetheus - Winner!

  • Race: Protoss Protoss
  • League: Diamond
  • Spawn Location: 3:00

Seph

  • Race: Zerg Zerg
  • Spawn Location: 9:00

VOD

Have the link to the VOD?

Description

Time

  • Played on: Feb. 14, 2019, 8:36 p.m.
  • Length: 8:02
Show
View Real Time Build Order
Export as new Build Order

Prxmetheus Protoss - Winner!

Build Orders:  

Get SALT Encoding   

  12  0:01  Probe  
  13  0:13  Probe  
  14  0:18  Pylon  
  14  0:25  Probe  
  15  0:37  Probe  
  15  0:42  Gateway  
  16  0:49  Probe  
  17  1:05  Probe  
  17  1:06  Pylon  
  18  1:17  Probe  
  19  1:21  Assimilator  
  19  1:25  Gateway  
  19  1:27  Gateway  
  19  1:37  Gateway  
  19  1:47  Gateway  
  19  1:51  Zealot  
  21  2:00  Probe  
  22  2:12  Zealot, Probe  
  23  2:16  Zealot  
  23  2:17  Zealot  
  29  2:53  Forge, Zealot  
  31  3:07  Pylon  
  31  3:12  Pylon  
  31  3:17  Zealot  
  31  3:25  Zealot  
  33  3:29  Photon Cannon  
  33  3:33  Photon Cannon  
  33  3:38  Zealot  
  26  4:03  Zealot  
  26  4:04  Zealot  
  26  4:22  Probe  
  13  5:13  Zealot  
Show
View Real Time Build Order
Export as new Build Order

Seph Zerg 

Build Orders: Hatch First 

Get SALT Encoding   

  12  0:19  Overlord  
  12  0:20  Drone x2  
  14  0:49  Hatchery  
  13  1:06  Spawning Pool  
  13  1:08  Drone  
  13  1:17  Extractor  
  12  1:19  Drone x2  
  14  1:26  Drone  
  14  1:32  Drone  
  16  1:44  Overlord  
  16  2:00  Queen  
  18  2:04  Queen  
  20  2:16  Metabolic Boost  
  20  2:21  Drone x2  
  22  2:34  Zergling x6  
  25  2:59  Zergling x4  
  27  3:19  Zergling x4  
  28  3:52  Zergling x2  
  28  3:53  Zergling x4  
  26  4:02  Zergling x6  
  11  4:22  Drone  
  10  4:58  Zergling x6  
  11  5:19  Zergling x2  
  6  5:46  Zergling x4  
  6  5:47  Zergling x2  
  7  6:32  Zergling x4  
Tags
 
League
Diamond
Matchup
PvZ
Spawn Locations
Cross Positions
Add a new tag
Caveats
  • Supply blocks, unpowered buildings, or Contaminate may cause inaccurate times.
  • Supply counts are checked every 10 seconds.